 Dungeon Crawl Stone Soup version 0.22.1-2-g9c5b331 (webtiles) character file.

17436 tognito the Executioner (level 12, -6/92 HPs)
             Began as a Minotaur Berserker on Nov 26, 2018.
             Was a High Priest of Trog.
             Shot with an arrow by Nessos (17 damage)
             ... on level 12 of the Dungeon on Nov 28, 2018.
             The game lasted 00:29:19 (12341 turns).

tognito the Executioner (Minotaur Berserker)       Turns: 12341, Time: 00:29:20

Health: -6/92      AC: 16    Str: 27    XL:     12   Next: 18%
Magic:  11/11      EV:  8    Int:  4    God:    Trog [*****.]
Gold:   725        SH:  0    Dex: 10    Spells: 11/11 levels left

rFire    + . .     SeeInvis +   b - +3 longbow
rCold    x . .     Gourm    .   (shield currently unavailable)
rNeg     . . .     Faith    .   F - +1 plate armour
rPois    .         Spirit   .   (helmet unavailable)
rElec    .         Reflect  .   D - +0 cloak
rCorr    +         Harm     .   d - +2 pair of gloves
MR       .....                  (no boots)
Stlth    ..........             m - amulet of magic regeneration
HPRegen  0.25/turn              H - ring of resist corrosion
MPRegen  0.37/turn              f - ring of fire

@: lethally poisoned (-6 -> -63), about to teleport
A: retaliatory headbutt, claws 1, horns 3, see invisible
a: Berserk, Trog's Hand, Brothers in Arms, Renounce Religion


You were on level 12 of the Dungeon.
You worshipped Trog.
Trog was extremely pleased with you.
You were not hungry.

You visited 1 branch of the dungeon, and saw 12 of its levels.

You collected 725 gold pieces.

Inventory:

Hand Weapons
 a - a +2 hand axe of venom
 b - a +3 longbow (weapon)
Missiles
 o - 361 arrows (quivered)
 r - 81 bolts
Armour
 d - a +2 pair of gloves (worn)
 D - a +0 cloak (worn)
 F - a +1 plate armour (worn)
Jewellery
 f - a ring of fire (right hand)
 m - an amulet of magic regeneration (around neck)
 H - a ring of resist corrosion (left hand)
 I - an uncursed ring of magical power
Wands
 w - a wand of acid (31)
 y - a wand of digging (28)
 E - a wand of random effects (60)
 G - a wand of iceblast (13)
Scrolls
 e - 16 scrolls of identify
 g - 3 scrolls of fog
 h - 6 scrolls of teleportation
 i - 2 scrolls of fear
 k - 2 scrolls of blinking
 s - 6 scrolls of remove curse
 C - 2 scrolls of enchant armour
Potions
 j - a potion of flight
 n - 3 potions of brilliance
 p - 2 potions of might
 q - a potion of resistance
 t - 2 potions of curing
 u - 2 potions of haste
 v - a potion of invisibility
 z - a potion of cancellation
 A - a potion of heal wounds
 B - 3 potions of agility
Comestibles
 c - 27 rations
 l - 5 chunks of flesh


   Skills:
 - Level 4.7 Fighting
 + Level 21.1 Axes
 + Level 2.1 Bows
 - Level 3.3 Armour
 - Level 3.1 Dodging


You had 11 spell levels left.
You didn't know any spells.
Your spell library was empty.

Dungeon Overview and Level Annotations

Branches:
Dungeon (12/15)            Temple (0/1) D:7            Lair (0/6) D:9
    Orc (0/2) D:12

Altars:
Ashenzari
Cheibriados
Elyvilon
Hepliaklqana
Makhleb
Sif Muna
Zin
The Shining One

Shops:
D:6 (

Annotations:
D:12 Nessos


Innate Abilities, Weirdness & Mutations

You reflexively headbutt those who attack you in melee.
You have a pair of large horns on your head.
You have sharp fingernails.
You have supernaturally acute eyesight. (SInv)


Message History

Nessos shoots an arrow.
The arrow hits you. The arrow burns you.
You are more poisoned.
Nessos shoots an arrow.
The arrow completely misses you.
Nessos shoots an arrow.
The arrow hits you!
* * * LOW HITPOINT WARNING * * *
The arrow burns you.
* * * LOW HITPOINT WARNING * * *
You feel much better.
* * * LOW HITPOINT WARNING * * *
You feel very sick.
Nessos shoots an arrow.
The arrow hits you but does no damage.
Nessos blinks!
As you read the scroll of teleportation, it crumbles to dust.
You feel strangely unstable.
* * * LOW HITPOINT WARNING * * *
You feel very sick.
Nessos shoots an arrow.
The arrow hits you!
* * * LOW HITPOINT WARNING * * *
You are more poisoned.
Nessos shoots an arrow.
The arrow hits you!
You die...

###### #....#....# #....#....#
#....#....# #....#....# ...
#######....###'## #+##..
.............#.####.###. #.##..
.............#(.@....(.. +.....
.#...........'.........c #.....
.#........†..###.###.### #.....
.###)####'#....#.###.###..##.....
......(().'....#...#..#...#...)..
..(..())(.#....#...#..#...##)....
.##.(##...#....#...#..+...##.....
.##(.##'###....#..##'###..##<....
.[........#....#..##..##..##)....


You could see Nessos.

Vanquished Creatures
  Josephine (D:10)
  Erolcha (D:10)
  A two-headed ogre (D:10)
  An unseen horror (D:11)
  3 ugly things (D:11)
  Joseph (D:8)
  2 centaur zombies
  2 kobold demonologists (D:12)
  3 trolls
  A hornet (D:7)
  Prince Ribbit (D:8)
  8 hippogriffs
  A shadow (D:11)
  A spriggan (D:8)
  17 yaks
  3 wraiths (D:10)
  Grum (D:9)
  Eustachio (D:5)
  2 porcupines (D:9)
  3 orc warriors
  4 ice beasts
  6 sky beasts
  A black bear (D:6)
  6 ogres
  3 wolves (D:9)
  13 centaurs (D:12)
  2 big kobolds (D:12)
  10 bullfrogs
  5 scorpions
  8 killer bees (D:7)
  3 howler monkeys (D:12)
  3 crimson imps
  A bullfrog zombie (D:5)
  2 quasits
  Crazy Yiuf (D:2)
  3 hounds (D:9)
  4 jellies
  2 bullfrog skeletons
  4 orc priests
  12 orc wizards
  Jessica (D:2)
  4 iguanas
  9 worker ants
  A hound zombie (D:6)
  A hound skeleton (D:10)
  A howler monkey zombie (D:10)
  A howler monkey skeleton (D:6)
  2 worker ant zombies
  8 adders
  2 adder zombies
  2 worms (D:2)
  2 dart slugs
  4 leopard geckos
  43 orcs
  3 giant cockroaches
  4 goblins
  10 hobgoblins
  6 jackals
  5 quokkas
  9 bats
  4 frilled lizards
  A goblin skeleton (D:5)
  A goblin zombie (D:5)
  A jackal zombie (D:7)
  14 kobolds
  A kobold skeleton (D:5)
  A leopard gecko skeleton (D:5)
  An orc skeleton (D:5)
  4 orc zombies (D:5)
  A quokka skeleton (D:8)
  7 rats
  5 fungi (D:9)
306 creatures vanquished.

Notes
Turn   | Place    | Note
-------+----------+-------------------------------------------
     0 | D:1      | tognito the Minotaur Berserker began the quest for the Orb.
     0 | D:1      | Reached XP level 1. HP: 19/19 MP: 0/0
   252 | D:1      | Reached XP level 2. HP: 24/27 MP: 1/1
   277 | D:1      | Reached skill level 4 in Axes
   535 | D:1      | You fall through a shaft!
   542 | D:2      | Reached XP level 3. HP: 32/33 MP: 2/2
   719 | D:2      | Noticed Jessica
   725 | D:2      | Killed Jessica
   735 | D:2      | Reached ** piety under Trog
   735 | D:2      | Reached XP level 4. HP: 41/41 MP: 3/3
   833 | D:2      | Found a runed door.
   837 | D:2      | Noticed Crazy Yiuf
   843 | D:2      | Killed Crazy Yiuf
   843 | D:2      | Reached skill level 5 in Axes
  1039 | D:2      | Reached XP level 5. HP: 47/47 MP: 4/4
  1430 | D:3      | Found a hazy altar of Hepliaklqana.
  2183 | D:4      | Reached skill level 6 in Axes
  2247 | D:4      | Reached XP level 6. HP: 41/53 MP: 5/5
  2318 | D:4      | Reached skill level 7 in Axes
  2362 | D:4      | Reached *** piety under Trog
  2785 | D:5      | Entered Level 5 of the Dungeon
  2853 | D:5      | Reached skill level 8 in Axes
  2982 | D:5      | Reached XP level 7. HP: 52/60 MP: 6/6
  2993 | D:5      | Noticed Eustachio
  3005 | D:5      | Killed Eustachio
  3005 | D:5      | Reached skill level 9 in Axes
  3112 | D:5      | Found a glowing golden altar of the Shining One.
  3211 | D:5      | Reached skill level 10 in Axes
  3782 | D:6      | Reached XP level 8. HP: 53/67 MP: 7/7
  3836 | D:6      | Reached skill level 11 in Axes
  4318 | D:6      | Reached skill level 12 in Axes
  4625 | D:6      | Found a burning altar of Makhleb.
  4757 | D:6      | Found Guuthoimm's Weapon Shop.
  5067 | D:7      | Found a staircase to the Ecumenical Temple.
  5086 | D:7      | Reached skill level 13 in Axes
  5204 | D:7      | Reached **** piety under Trog
  5212 | D:7      | Reached XP level 9. HP: 44/72 MP: 8/8
  5391 | D:7      | Paralysed by a hornet for 3 turns
  5530 | D:7      | Reached skill level 14 in Axes
  6674 | D:8      | Found a shattered altar of Ashenzari.
  6696 | D:8      | Noticed Joseph
  6712 | D:8      | Killed Joseph
  6714 | D:8      | Reached skill level 15 in Axes
  7052 | D:8      | Found a deep blue altar of Sif Muna.
  7072 | D:8      | Found a glowing golden altar of the Shining One.
  7072 | D:8      | Found a glowing silver altar of Zin.
  7306 | D:8      | Gained mutation: You have a pair of large horns on your
                  | head. [potion of mutation]
  7306 | D:8      | Gained mutation: You have sharp fingernails. [potion of
                  | mutation]
  7306 | D:8      | Gained mutation: You have supernaturally acute eyesight.
                  | (SInv) [potion of mutation]
  7331 | D:8      | Noticed Prince Ribbit
  7364 | D:8      | Killed Prince Ribbit
  7925 | D:9      | Reached XP level 10. HP: 80/80 MP: 9/9
  7935 | D:9      | Reached skill level 16 in Axes
  7957 | D:9      | Received a gift from Trog
  8195 | D:9      | Noticed Grum
  8314 | D:9      | Killed Grum
  8375 | D:9      | Found a snail-covered altar of Cheibriados.
  8487 | D:9      | Found a white marble altar of Elyvilon.
  8596 | D:9      | Reached skill level 17 in Axes
  8715 | D:9      | Found a white marble altar of Elyvilon.
  8738 | D:9      | Found a staircase to the Lair.
  8815 | D:10     | Entered Level 10 of the Dungeon
  9267 | D:10     | Reached ***** piety under Trog
  9431 | D:10     | Noticed Josephine
  9438 | D:10     | Reached skill level 18 in Axes
  9452 | D:10     | Killed Josephine
  9452 | D:10     | Reached XP level 11. HP: 22/85 MP: 10/10
  9457 | D:10     | HP: 3/85 [poisoned by Josephine]
 10044 | D:10     | Noticed a two-headed ogre
 10052 | D:10     | Killed a two-headed ogre
 10057 | D:10     | Noticed Erolcha
 10067 | D:10     | Killed Erolcha
 10067 | D:10     | Reached skill level 19 in Axes
 10334 | D:11     | Noticed a green ugly thing
 10344 | D:11     | Killed a green ugly thing
 10552 | D:11     | Noticed a brown ugly thing
 10562 | D:11     | Killed a brown ugly thing
 10776 | D:11     | Noticed an unseen horror
 10781 | D:11     | Killed an unseen horror
 10781 | D:11     | Received a gift from Trog
 10795 | D:11     | Reached skill level 20 in Axes
 10970 | D:11     | Noticed a white ugly thing
 10981 | D:11     | Killed a white ugly thing
 11650 | D:12     | Reached XP level 12. HP: 42/92 MP: 11/11
 12110 | D:12     | Reached skill level 21 in Axes
 12110 | D:12     | Reached skill level 1 in Bows
 12138 | D:12     | Found a staircase to the Orcish Mines.
 12335 | D:12     | Noticed Nessos
 12341 | D:12     | Shot with an arrow by Nessos

Skill      XL: |  1  2  3  4  5  6  7  8  9 10 11 12 |
---------------+-------------------------------------+-----
Fighting       | 4 |  4.7
Axes           | 4 5 6 8 10 13 15 18 20 21 | 21.1
Armour         | 3 |  3.3
Dodging        | 3 |  3.1
Bows           | 2 |  2.1

Action                   |  1- 3 |  4- 6 |  7- 9 | 10-12 || total
-------------------------+-------+-------+-------+-------++-------
Melee: Hand axe          |    59 |   100 |       |   271 ||   430
       Headbutt          |     6 |    24 |    55 |   114 ||   199
       War axe           |       |    24 |   243 |   144 ||   411
 Fire: Shortbow          |       |       |       |    17 ||    17
       Longbow           |       |       |       |    10 ||    10
Invok: Berserk           |       |       |       |     3 ||     3
       Trog's Hand       |       |       |       |     1 ||     1
  Use: Potion            |       |     8 |     5 |     5 ||    18
       Scroll            |       |       |     3 |    11 ||    14
  Eat: Chunk             |       |     6 |     9 |    18 ||    33
       Ration            |       |       |     2 |       ||     2
Armor: Animal skin       |    22 |       |       |       ||    22
       Ring mail         |    10 |    53 |   111 |    33 ||   207
       Plate armour      |       |       |       |   198 ||   198
Dodge: Dodged            |    47 |    61 |   128 |   188 ||   424
